 Dungeon Crawl Stone Soup version 0.15.2 (webtiles) character file.

19588 4tharraofdagon the Basher (level 12, 0/109 HPs)
             Began as a Deep Dwarf Enchanter on Jan 16, 2015.
             Was the Champion of Makhleb.
             Slain by a crocodile (11 damage)
             ... on Level 1 of the Lair of Beasts on Jan 17, 2015.
             The game lasted 01:14:48 (8998 turns).

4tharraofdagon the Basher (Deep Dwarf Enchanter)    Turns: 8998, Time: 01:14:48

HP   0/109       AC 20     Str 13      XL: 12   Next: 37%
MP  19/19        EV 11     Int 20      God: Makhleb [******]
Gold 716         SH 12     Dex 22      Spells:  3 memorised,  3 levels left

rFire  + + .     SeeInvis .     i - +2 flail (protect)
rCold  . . .     Clarity  .     W - +2 scale mail {rF+}
rNeg   . . .     rCorr    .     b - +0 shield
rPois  +         rRot     .     (helmet restricted)
rElec  .         Spirit   .     X - +0 cloak
SustAb .         Warding  .     F - +1 pair of gloves
rMut   .         Stasis   +     e - +0 pair of boots
Gourm  .                        S - amulet of stasis
MR     +++..                    s - +6 ring of dexterity
                                D - ring of Poyzxoego {rPois rF+ MR++ Dex+3}

@: non-regenerating, extremely resistant to hostile enchantments, very
unstealthy
A: damage resistance, recharge devices, antennae 1, blurry vision 1, sense
surroundings 2, slow healing 3
a: Device Recharging, Minor Destruction, Lesser Servant of Makhleb, Major
Destruction, Greater Servant of Makhleb, Renounce Religion


You were on level 1 of the Lair of Beasts.
You worshipped Makhleb.
Makhleb was exalted by your worship.
You were not hungry.

You visited 2 branches of the dungeon, and saw 14 of its levels.
You also visited: Sewer.

You collected 716 gold pieces.

Inventory:

Hand weapons
 i - a +2 flail of protection (weapon)
 z - a +1 flail of holy wrath
 O - a cursed -1 blowgun
 R - a +0 morningstar
Missiles
 y - 2 throwing nets (quivered)
 P - 14 poisoned needles
Armour
 b - a +0 shield (worn)
 e - a +0 pair of boots (worn)
 q - a +0 large shield
 A - a +0 helmet
 F - a +1 pair of gloves (worn)
 W - a +2 scale mail of fire resistance (worn)
 X - a +0 cloak (worn)
 Z - a +4 ring mail of cold resistance
Magical devices
 a - a wand of disintegration (15)
 d - a wand of heal wounds (2)
 n - a wand of frost (5)
 N - a wand of cold (4)
Comestibles
 f - 14 bread rations
 k - 3 beef jerkies
 l - 6 meat rations
 G - 4 chunks of giant frog flesh
 L - a royal jelly
Scrolls
 g - 2 scrolls of teleportation
 o - a scroll of torment {unknown}
 E - a scroll of enchant armour
 I - 3 scrolls of magic mapping
 J - 5 scrolls of remove curse
 K - 5 scrolls of fog
 M - a scroll of blinking {unknown}
 V - a scroll of enchant weapon {unknown}
Jewellery
 j - an uncursed ring of wizardry
 p - an uncursed amulet of resist mutation
 s - a +6 ring of dexterity (right hand)
 x - an uncursed ring of positive energy
 D - the ring of Poyzxoego (left hand) {rPois rF+ MR++ Dex+3}
   (You found it on level 6 of the Dungeon)

   [ring of poison resistance]

   It affects your dexterity (+3).
   It protects you from fire.
   It protects you from poison.
   It affects your resistance to hostile enchantments.
 H - an uncursed amulet of the gourmand
 Q - an uncursed ring of protection from magic
 S - an amulet of stasis (around neck)
Potions
 h - 2 potions of mutation {unknown}
 m - 2 potions of cure mutation {unknown}
 r - 2 potions of berserk rage {unknown}
 t - a potion of brilliance
 u - 2 potions of cancellation {unknown}
 v - 6 potions of restore abilities
 w - a potion of curing
 C - a potion of haste
 U - a potion of confusion
Books
 c - a book of Maledictions

   Spells                             Type                      Level
   *Corona                            Hexes                        1
   Sure Blade                         Hexes/Charms                 2
   Ensorcelled Hibernation            Hexes/Ice                    2
   Confuse                            Hexes                        3
   Dazzling Spray                     Conjuration/Hexes            3
   Enslavement                        Hexes                        4
 Y - a book of the Warp

   Spells                             Type                      Level
   *Control Teleport                  Charms/Translocation         4
   Phase Shift                        Translocation                5
   Warp Weapon                        Charms/Translocation         5
   Dispersal                          Translocation                6
   *Controlled Blink                  Translocation                7
   Disjunction                        Translocation                8
Rods
 B - a +0 rod of clouds (12/12)
   (You took it off an orc wizard on level 11 of the Dungeon)


   Skills:
 + Level 7.4 Fighting
   Level 0.8 Short Blades
 * Level 11.6 Maces & Flails
 + Level 9.1 Armour
 + Level 9.2 Dodging
 - Level 3.6 Stealth
 + Level 9.7 Shields
 + Level 2.2 Spellcasting
 - Level 2.4 Hexes
 * Level 0.9 Translocations
 - Level 4.0 Evocations


You had 3 spell levels left.
You knew the following spells:

 Your Spells              Type           Power        Failure   Level  Hunger
a - Corona                Hex            ##.....      69%         1    #......
b - Control Teleport      Chrm/Tloc      #.........   100%        4    #####..
c - Controlled Blink      Tloc           N/A          100%        7    #######


Dungeon Overview and Level Annotations

Branches:
Dungeon (13/15)               Orc (0/4) D:12           Lair (1/8) D:8
 Vaults (0/5) D:13
 Temple: D:4-7

Altars:
Ashenzari
Dithmenos
Elyvilon
Fedhas
Kikubaaqudgha
Makhleb
Okawaru
Qazlal
Sif Muna

Shops:
D:6 }   D:11 [   D:12 *

Annotations:
D:4 mopl's ghost, average OpWz
D:5 Sigmund
D:8 exclusion: 2 oklob saplings


Innate Abilities, Weirdness & Mutations

You are resistant to damage.
You can recharge devices by infusing magical energy.
You passively map the area around you.
You do not heal naturally.
You have a pair of small antennae on your head.
Your vision is a little blurry.


Message History

* * * LOW HITPOINT WARNING * * *
You hit the crocodile.
The crocodile is heavily wounded.
Your shield and scale mail prevent you from hitting the crocodile.
The crocodile is heavily wounded.
You block the crocodile's attack.
You hit the crocodile.
The crocodile is heavily wounded.
The crocodile closely misses you.
You hit the crocodile but do no damage.
The crocodile is heavily wounded.
The crocodile bites you but does no damage.
You hit the crocodile but do no damage.
The crocodile is heavily wounded.
The crocodile bites you!
* * * LOW HITPOINT WARNING * * *
You closely miss the crocodile.
The crocodile is heavily wounded.
The crocodile bites you!
You die...

... , * * , ,,
........., ,, , ,
........... , ,
,............. , , ,
..............., , *
, ................ ,
,,.................
,,, ,
.......t...........
*
,........@..........
, , ,
...................,
*
.#.............#...,
* ####...........#
** ##[.....#####**
##...#...#
#........##*##
###.......##.#
##.(.........#


You could see a crocodile.

Vanquished Creatures
  Josephine (D:11)
  Harold (D:11)
  The ghost of elenap21 the Thaumaturge, a powerful MfSk of Fedhas (D:11)
  Erolcha (D:8)
  5 skeletal warriors (D:12)
  An unseen horror (D:12)
  Joseph (D:7)
  A gargoyle (D:10)
  Psyche (D:8)
  A two-headed ogre (D:12)
  2 wandering mushrooms (D:8)
  2 slime creatures
  A griffon zombie (D:12)
  A wyvern (D:8)
  A human (D:12)
  A shadow (D:8)
  A hill giant zombie (D:12)
  21 yaks
  2 hungry ghosts
  4 vampire mosquitoes
  Edmund (D:8)
  A water moccasin (D:8)
  2 soldier ants (D:12)
  A tengu skeleton (D:11)
  4 ice beasts
  2 phantoms
  Purgy (Sewer)
  4 orc warriors
  6 sky beasts
  6 ogres
  5 necrophages
  2 black bears
  7 centaurs
  8 big kobolds
  A crocodile (D:10)
  A komodo dragon zombie (D:9)
  A gnoll sergeant (D:8)
  7 giant frogs
  Blork the orc (D:8)
  A komodo dragon skeleton (D:10)
  A yaktaur skeleton (D:12)
  2 scorpions
  A troll zombie (D:11)
  An eye of draining (D:12)
  A quasit (D:7)
  A yak skeleton (D:11)
  7 crimson imps
  A hippogriff skeleton (D:11)
  4 wights
  A jelly (D:11)
  5 orc priests
  4 hounds
  15 orc wizards
  An iguana (D:5)
  An elf skeleton (D:11)
  6 worker ants
  A killer bee zombie (D:7)
  A mottled dragon zombie (D:11)
  A sky beast zombie (D:9)
  Ijyb (D:2)
  6 ogre zombies (D:12)
  A mummy (D:7)
  7 adders
  A big kobold simulacrum (D:11)
  7 gnolls
  5 shadow imps
  4 giant mites
  A worm (D:3)
  An orc simulacrum (D:11)
  4 orc skeletons
  3 giant geckos
  An ooze (D:4)
  36 orcs
  9 giant cockroaches
  14 goblins
  17 hobgoblins
  7 jackals
  5 quokkas
  16 bats
  A giant gecko skeleton (D:7)
  8 giant newts
  A goblin skeleton (D:12)
  4 goblin zombies (D:12)
  3 hobgoblin skeletons (D:12)
  3 hobgoblin zombies (D:12)
  69 kobolds
  3 kobold skeletons
  A kobold zombie (D:8)
  15 orc zombies
  A quokka skeleton (D:8)
  10 rats
432 creatures vanquished.

Vanquished Creatures (others)
  An orc (D:11)
1 creature vanquished.

Grand Total: 433 creatures vanquished

Notes
Turn   | Place    | Note
--------------------------------------------------------------
     0 | D:1      | 4tharraofdagon, the Deep Dwarf Enchanter, began the quest for the Orb.
     0 | D:1      | Reached XP level 1. HP: 15/15 MP: 2/2
    98 | D:1      | Reached skill level 1 in Fighting
   158 | D:1      | Reached XP level 2. HP: 4/25 MP: 3/3
   368 | D:3      | Reached skill level 1 in Maces & Flails
   368 | D:3      | Reached skill level 1 in Armour
   368 | D:3      | Reached XP level 3. HP: 21/31 MP: 5/5
   568 | D:4      | Found an ancient bone altar of Kikubaaqudgha.
   596 | D:4      | Reached skill level 1 in Shields
   596 | D:4      | Reached XP level 4. HP: 21/39 MP: 6/6
   706 | D:4      | Found a shadowy altar of Dithmenos.
   716 | D:5      | Entered Level 5 of the Dungeon
   799 | D:5      | Noticed an ogre
   820 | D:5      | Killed an ogre
   820 | D:5      | Reached XP level 5. HP: 38/45 MP: 7/7
   838 | D:5      | Found a shadowy altar of Dithmenos.
   839 | D:5      | Found an iron altar of Okawaru.
   934 | D:5      | Reached XP level 6. HP: 15/52 MP: 9/9
  1033 | D:5      | Found a burning altar of Makhleb.
  1039 | D:5      | Became a worshipper of Makhleb the Destroyer
  1074 | D:5      | Noticed Sigmund
  1358 | D:6      | Found a glowing drain.
  1362 | Sewer    | Entered a sewer
  1401 | Sewer    | Noticed Purgy
  1453 | Sewer    | Killed Purgy
  1537 | D:6      | Got a warped amber ring
  1542 | D:6      | Found a deep blue altar of Sif Muna.
  1559 | D:6      | Found Kiepliowk's Gadget Shoppe.
  1651 | D:6      | Found a shattered altar of Ashenzari.
  1725 | D:5      | Reached XP level 7. HP: 9/61 MP: 10/10
  1741 | D:5      | Acquired Makhleb's first power
  1788 | D:5      | Reached skill level 4 in Shields
  1838 | D:5      | Noticed an ogre
  1877 | D:5      | Killed an ogre
  1919 | D:5      | Noticed an ogre
  1934 | D:5      | Killed an ogre
  1934 | D:5      | Reached skill level 1 in Evocations
  2331 | D:2      | Acquired Makhleb's second power
  2340 | D:2      | Noticed Ijyb
  2371 | D:2      | Killed Ijyb
  2451 | D:2      | Found an iron altar of Okawaru.
  2518 | D:1      | Identified the ring of Poyzxoego {rPois rF+ MR++ Dex+3} (You found it on level 6 of the Dungeon)
  2910 | D:3      | Acquired Makhleb's third power
  3046 | D:4      | Noticed mopl's ghost (average OpWz)
  3248 | D:6      | Reached skill level 5 in Shields
  3248 | D:6      | Reached XP level 8. HP: 57/69 MP: 12/12
  3573 | D:6      | Reached skill level 5 in Maces & Flails
  3586 | D:6      | Acquired Makhleb's fourth power
  3673 | D:6      | Gained mutation: You have a pair of small antennae on your head. [mutagenic meat]
  3674 | D:6      | Gained mutation: Your vision is a little blurry. [mutagenic meat]
  3708 | D:6      | Reached skill level 6 in Shields
  4028 | D:7      | Reached skill level 5 in Dodging
  4048 | D:7      | Noticed Joseph
  4068 | D:7      | Gained mutation: You passively map the area around you. [level up]
  4068 | D:7      | Reached XP level 9. HP: 67/78 MP: 15/15
  4109 | D:7      | Killed Joseph
  4113 | D:7      | Reached skill level 5 in Armour
  4425 | D:8      | Noticed Edmund
  4451 | D:8      | Killed Edmund
  4624 | D:8      | Noticed Psyche
  4629 | D:8      | Killed Psyche
  4629 | D:8      | Reached skill level 7 in Maces & Flails
  4711 | D:8      | Found a staircase to the Lair.
  4712 | D:8      | Noticed Blork the orc
  4732 | D:8      | Killed Blork the orc
  4735 | D:8      | Acquired Makhleb's fifth power
  4898 | D:8      | Noticed Erolcha
  4906 | D:8      | Killed Erolcha
  4906 | D:8      | Reached XP level 10. HP: 39/87 MP: 16/16
  5167 | D:8      | Reached skill level 5 in Fighting
  5167 | D:8      | Reached skill level 8 in Maces & Flails
  5513 | D:9      | HP: 4/88 [komodo dragon zombie (16)]
  5725 | D:10     | Entered Level 10 of the Dungeon
  6177 | D:10     | Reached skill level 9 in Maces & Flails
  6287 | D:10     | Found a white marble altar of Elyvilon.
  6294 | D:10     | You fall through a shaft for 2 floors!
  6421 | D:12     | Noticed a skeletal warrior
  6422 | D:12     | Found a staircase to the Orcish Mines.
  6443 | D:12     | Killed a skeletal warrior
  6443 | D:12     | Reached XP level 11. HP: 36/97 MP: 18/18
  6447 | D:12     | Noticed a skeletal warrior
  6454 | D:12     | Noticed a skeletal warrior
  6456 | D:12     | Noticed a skeletal warrior
  6457 | D:12     | Noticed a skeletal warrior
  6489 | D:12     | Killed a skeletal warrior
  6513 | D:12     | Killed a skeletal warrior
  6565 | D:12     | Killed a skeletal warrior
  6565 | D:12     | Reached skill level 10 in Maces & Flails
  6640 | D:12     | Killed a skeletal warrior
  7133 | D:11     | Found a stormy altar of Qazlal.
  7166 | D:11     | Noticed Harold
  7211 | D:11     | Killed Harold
  7569 | D:11     | Noticed elenap21's ghost (powerful MfSk)
  7618 | D:11     | Noticed a blizzard demon
  7645 | D:11     | Reached skill level 11 in Maces & Flails
  7647 | D:11     | Noticed Josephine
  7679 | D:11     | Killed Josephine
  7679 | D:11     | Reached XP level 12. HP: 58/106 MP: 19/19
  7887 | D:11     | Killed elenap21's ghost
  7996 | D:12     | Found Qiydgh's General Store.
  8364 | D:13     | Found a gate to the Vaults.
  8490 | D:12     | Learned a level 4 spell: Control Teleport
  8498 | D:12     | Learned a level 7 spell: Controlled Blink
  8515 | D:11     | Found Plifiggu's Antique Armour Shop.
  8820 | D:8      | Found a blossoming altar of Fedhas.
  8844 | D:8      | HP: 2/109 [acid (8)]
  8883 | Lair:1   | Entered Level 1 of the Lair of Beasts
  8922 | Lair:1   | Noticed a seven-headed hydra
  8998 | Lair:1   | Slain by a crocodile

Action                   |  1- 3 |  4- 6 |  7- 9 | 10-12 || total
-------------------------+-------+-------+-------+-------++-------
Melee: Dagger            |    68 |       |       |       ||    68
       Flail             |    88 |   205 |   858 |  1461 ||  2612
Throw: Throwing net      |       |       |       |     1 ||     1
Invok: Greater Servant o |       |       |       |     1 ||     1
Evoke: Wand              |     1 |     5 |    18 |    22 ||    46
  Use: Potion            |     1 |     1 |       |     9 ||    11
       Scroll            |       |     6 |     9 |     8 ||    23
 Stab: Sleeping          |     4 |       |       |       ||     4
       Invisible         |       |       |       |    11 ||    11
       Fleeing           |       |       |       |     1 ||     1
       Held in net/web   |       |       |       |     2 ||     2
  Eat: Chunk             |       |     3 |    15 |    14 ||    32
       Fruit             |       |       |       |     6 ||     6
